[ PARTIDA AOE2 · #482950628 ]
UnrankedAztecas vs Burgundians
Equipo del jugador · DERR
Equipo rival · VICT
[ ANÁLISIS DE REPETICIÓN · EXTRAÍDO DE LA PARTIDA GRABADA ]
Feudal
9:39
Castillos
18:40
Imperial
38:32
| APM promedio | 28.2 |
| APM pico | 90 |
| eAPM promedio | 15.2 |
| Aldeanos / militares | 139 / 129 |
Foco
⚔️ 33.2% · 🌾 66.8%
Spearman ×81 · Jaguar Warrior ×38 · Trebuchet (Packed) ×4 · Skirmisher ×3 · Eagle Scout ×2 · Monk ×1
Feudal
10:28
Castillos
20:34
Imperial
33:38
| APM promedio | 29.2 |
| APM pico | 186 |
| eAPM promedio | 12.1 |
| Aldeanos / militares | 63 / 116 |
Foco
⚔️ 31.3% · 🌾 68.7%
Hand Cannoneer ×48 · Knight ×32 · Coustillier ×20 · Scout Cavalry ×5 · Trebuchet (Packed) ×4 · Flemish Militia ×3
Mapa de la partida
Recursos iniciales + cada clic de construcción. Líneas = muros · curvas = relieve. ◆ oro · ⬟ piedra · ● bayas · ✦ reliquia · ◌ hueco del cierre
Tu base· Abierta — flanco sin cerrar
Base de Dani120588· ✓ Cerrada en 20:34 · 62t muro · 2 puerta(s)
Terreno inicial suavizado · ◌ = hueco del cierre detectado · pasá el cursor para detalles
Inputs por minuto
— Mansisha - - Dani120588
Build order — Mansisha
Primeras 150 de 351 acciones detectadas
| 0:01 | Crear | Villager (Male) |
| 0:01 | Crear | Villager (Male) |
| 0:02 | Crear | Villager (Male) |
| 0:04 | Construir | House |
| 0:05 | Construir | House |
| 0:36 | Crear | Villager (Male) |
| 0:36 | Crear | Villager (Male) |
| 1:45 | Construir | Lumber Camp |
| 1:55 | Crear | Villager (Male) |
| 1:55 | Crear | Villager (Male) |
| 2:00 | Crear | Villager (Male) |
| 2:00 | Crear | Villager (Male) |
| 2:33 | Crear | Villager (Male) |
| 2:34 | Crear | Villager (Male) |
| 2:51 | Construir | House |
| 3:09 | Crear | Villager (Male) |
| 3:09 | Crear | Villager (Male) |
| 3:25 | Crear | Villager (Male) |
| 3:26 | Crear | Villager (Male) |
| 3:56 | Crear | Villager (Male) |
| 4:31 | Crear | Villager (Male) |
| 4:32 | Crear | Villager (Male) |
| 4:32 | Crear | Villager (Male) |
| 4:58 | Crear | Villager (Male) |
| 4:58 | Crear | Villager (Male) |
| 5:52 | Crear | Villager (Male) |
| 5:52 | Crear | Villager (Male) |
| 5:52 | Crear | Villager (Male) |
| 5:53 | Crear | Villager (Male) |
| 6:21 | Construir | Mill |
| 7:16 | Investigar | Loom |
| 7:29 | Investigar | Feudal Age |
| 7:56 | Construir | Mining Camp |
| 8:06 | Construir | House |
| 8:07 | Construir | House |
| 8:46 | Crear | Villager (Male) |
| 8:46 | Crear | Villager (Male) |
| 9:12 | Construir | Barracks |
| 9:39 | Edad | Edad Feudal |
| 9:46 | Crear | Villager (Male) |
| 9:46 | Crear | Villager (Male) |
| 9:58 | Crear | Villager (Male) |
| 10:12 | Construir | Blacksmith |
| 10:31 | Crear | Villager (Male) |
| 10:32 | Crear | Villager (Male) |
| 10:44 | Crear | Villager (Male) |
| 10:50 | Construir | Farm |
| 10:51 | Construir | Farm |
| 10:51 | Construir | Farm |
| 11:27 | Construir | Archery Range |
| 11:36 | Crear | Villager (Male) |
| 12:32 | Construir | Mining Camp |
| 13:10 | Crear | Villager (Male) |
| 13:10 | Crear | Villager (Male) |
| 13:53 | Construir | Farm |
| 13:55 | Crear | Villager (Male) |
| 13:55 | Crear | Villager (Male) |
| 14:06 | Construir | Farm |
| 14:55 | Construir | Stone Wall |
| 14:58 | Construir | Stone Wall |
| 15:10 | Construir | Stone Wall |
| 15:10 | Construir | Stone Wall |
| 15:33 | Crear | Villager (Male) |
| 15:33 | Crear | Villager (Male) |
| 15:49 | Construir | Gate |
| 16:00 | Investigar | Castle Age |
| 16:17 | Construir | House |
| 16:27 | Investigar | Double-Bit Axe |
| 16:32 | Investigar | Horse Collar |
| 16:45 | Investigar | Stone Mining |
| 16:59 | Construir | Stone Wall |
| 17:11 | Construir | Stone Wall |
| 17:13 | Construir | Gate |
| 17:26 | Crear | Villager (Male) |
| 17:59 | Construir | Farm |
| 17:59 | Construir | Farm |
| 18:30 | Investigar | Gold Mining |
| 18:40 | Edad | Edad de los Castillos |
| 18:44 | Crear | Villager (Male) |
| 18:52 | Construir | Town Center |
| 19:01 | Construir | Town Center |
| 19:19 | Crear | Villager (Male) |
| 19:31 | Construir | House |
| 19:35 | Construir | House |
| 19:45 | Crear | Villager (Male) |
| 20:11 | Crear | Villager (Male) |
| 20:18 | Crear | Villager (Male) |
| 20:18 | Crear | Villager (Male) |
| 20:43 | Investigar | Bow Saw |
| 20:55 | Crear | Villager (Male) |
| 20:55 | Crear | Villager (Male) |
| 20:55 | Crear | Villager (Male) |
| 21:05 | Construir | Farm |
| 21:05 | Construir | Farm |
| 21:33 | Crear | Villager (Male) |
| 21:33 | Crear | Villager (Male) |
| 21:33 | Crear | Villager (Male) |
| 21:34 | Crear | Villager (Male) |
| 21:59 | Construir | Castle |
| 22:07 | Crear | Skirmisher |
| 22:08 | Crear | Skirmisher |
| 22:08 | Crear | Skirmisher |
| 22:12 | Crear | Spearman |
| 22:13 | Crear | Spearman |
| 22:24 | Crear | Villager (Male) |
| 22:24 | Crear | Villager (Male) |
| 22:30 | Construir | Farm |
| 22:30 | Construir | Farm |
| 22:33 | Construir | Farm |
| 22:33 | Construir | Farm |
| 22:33 | Construir | Farm |
| 22:33 | Construir | Farm |
| 22:50 | Construir | Castle |
| 23:06 | Crear | Villager (Male) |
| 23:07 | Crear | Villager (Male) |
| 23:07 | Crear | Villager (Male) |
| 23:07 | Crear | Villager (Male) |
| 23:29 | Construir | Farm |
| 23:30 | Construir | Farm |
| 23:33 | Construir | Stone Wall |
| 23:56 | Construir | Mining Camp |
| 24:10 | Crear | Villager (Male) |
| 24:10 | Crear | Villager (Male) |
| 24:34 | Crear | Jaguar Warrior |
| 24:35 | Crear | Jaguar Warrior |
| 25:51 | Crear | Villager (Male) |
| 25:52 | Crear | Villager (Male) |
| 26:20 | Crear | Jaguar Warrior |
| 26:25 | Construir | Monastery |
| 26:34 | Construir | Farm |
| 27:01 | Construir | Castle |
| 27:10 | Crear | Monk |
| 27:26 | Crear | Eagle Scout |
| 27:28 | Crear | Eagle Scout |
| 27:38 | Crear | Jaguar Warrior |
| 27:38 | Crear | Jaguar Warrior |
| 27:56 | Crear | Villager (Male) |
| 27:56 | Crear | Villager (Male) |
| 27:56 | Crear | Villager (Male) |
| 27:56 | Crear | Villager (Male) |
| 27:58 | Crear | Villager (Male) |
| 27:58 | Crear | Villager (Male) |
| 27:59 | Crear | Villager (Male) |
| 27:59 | Crear | Villager (Male) |
| 28:13 | Construir | Barracks |
| 28:14 | Construir | Barracks |
| 28:15 | Construir | Barracks |
| 28:59 | Construir | Stone Wall |
| 29:01 | Construir | Gate |
| 29:02 | Construir | Gate |
Build order — Dani120588
Primeras 150 de 211 acciones detectadas
| 0:03 | Construir | House |
| 0:05 | Construir | House |
| 0:06 | Construir | House |
| 0:12 | Crear | Villager (Male) ×4 |
| 1:41 | Crear | Villager (Male) |
| 1:59 | Construir | Lumber Camp |
| 2:17 | Crear | Villager (Male) |
| 2:28 | Crear | Villager (Male) |
| 3:00 | Crear | Villager (Male) |
| 3:10 | Crear | Villager (Male) |
| 3:59 | Crear | Villager (Male) |
| 4:34 | Crear | Villager (Male) |
| 4:56 | Crear | Villager (Male) |
| 5:38 | Construir | Mill |
| 5:45 | Crear | Villager (Male) |
| 5:45 | Crear | Villager (Male) |
| 6:07 | Crear | Villager (Male) |
| 6:40 | Crear | Villager (Male) |
| 6:42 | Construir | House |
| 7:01 | Crear | Villager (Male) |
| 7:09 | Construir | Farm |
| 7:11 | Construir | Farm |
| 7:33 | Investigar | Loom |
| 8:07 | Construir | Barracks |
| 8:18 | Investigar | Feudal Age |
| 9:22 | Construir | Palisade Wall |
| 9:27 | Construir | Palisade Wall |
| 9:42 | Crear | Militia ×2 |
| 9:58 | Construir | Palisade Wall |
| 10:09 | Construir | Palisade Wall |
| 10:15 | Crear | Villager (Male) |
| 10:15 | Crear | Villager (Male) |
| 10:23 | Construir | House |
| 10:24 | Construir | House |
| 10:28 | Edad | Edad Feudal |
| 10:34 | Crear | Villager (Male) |
| 10:35 | Crear | Villager (Male) |
| 11:00 | Construir | Mining Camp |
| 11:44 | Crear | Villager (Male) |
| 11:59 | Construir | Palisade Wall |
| 12:10 | Crear | Villager (Male) |
| 12:36 | Crear | Villager (Male) |
| 12:58 | Crear | Villager (Male) |
| 13:03 | Construir | Market |
| 13:36 | Crear | Villager (Male) |
| 13:45 | Construir | Palisade Wall |
| 13:53 | Construir | Farm |
| 14:09 | Crear | Villager (Male) |
| 14:19 | Construir | Blacksmith |
| 14:23 | Construir | Farm |
| 14:28 | Crear | Villager (Male) |
| 14:51 | Construir | Farm |
| 15:04 | Construir | House |
| 15:08 | Crear | Villager (Male) |
| 15:16 | Construir | Farm |
| 15:18 | Construir | Farm |
| 15:19 | Construir | Farm |
| 15:29 | Investigar | Double-Bit Axe |
| 15:46 | Construir | Palisade Wall |
| 16:13 | Construir | Farm |
| 16:14 | Crear | Villager (Male) |
| 16:21 | Construir | Farm |
| 16:36 | Crear | Villager (Male) |
| 17:05 | Construir | Farm |
| 17:06 | Construir | Farm |
| 17:10 | Construir | Farm |
| 17:12 | Construir | Farm |
| 17:16 | Construir | Farm |
| 17:25 | Construir | Palisade Gate |
| 17:41 | Construir | House |
| 17:42 | Construir | House |
| 17:43 | Construir | House |
| 17:54 | Investigar | Castle Age |
| 17:54 | Investigar | Castle Age |
| 18:19 | Construir | Stable |
| 18:27 | Construir | Stable |
| 19:08 | Construir | Palisade Gate |
| 19:53 | Construir | Palisade Wall |
| 20:03 | Investigar | Horse Collar |
| 20:12 | Investigar | Scale Barding Armor |
| 20:20 | Construir | Mining Camp |
| 20:34 | Edad | Edad de los Castillos |
| 20:36 | Investigar | Husbandry |
| 20:38 | Crear | Knight ×2 |
| 20:43 | Crear | Villager (Male) |
| 20:43 | Crear | Villager (Male) |
| 20:44 | Crear | Villager (Male) |
| 21:01 | Construir | Town Center |
| 21:36 | Crear | Villager (Male) |
| 22:05 | Crear | Knight |
| 22:05 | Crear | Knight |
| 22:05 | Crear | Knight |
| 22:16 | Investigar | Bow Saw |
| 22:32 | Crear | Villager (Male) ×5 |
| 22:37 | Construir | Lumber Camp |
| 22:45 | Crear | Villager (Male) |
| 22:46 | Crear | Villager (Male) |
| 22:51 | Crear | Knight |
| 23:01 | Construir | Farm |
| 23:04 | Crear | Villager (Male) |
| 23:31 | Crear | Knight |
| 23:37 | Construir | Mill |
| 23:59 | Construir | Farm |
| 24:01 | Construir | Farm |
| 24:04 | Construir | Farm |
| 24:08 | Construir | Farm |
| 24:12 | Crear | Villager (Male) |
| 24:12 | Crear | Villager (Male) |
| 24:13 | Crear | Villager (Male) |
| 25:04 | Investigar | Chain Barding Armor |
| 25:04 | Investigar | Forging |
| 25:16 | Construir | House |
| 25:17 | Construir | House |
| 25:18 | Construir | House |
| 25:20 | Construir | Farm |
| 25:25 | Construir | Farm |
| 25:28 | Construir | Farm |
| 25:32 | Construir | Farm |
| 25:35 | Construir | Farm |
| 26:04 | Crear | Knight |
| 26:45 | Crear | Villager (Male) |
| 26:45 | Crear | Villager (Male) |
| 26:55 | Construir | Siege Workshop |
| 27:06 | Crear | Villager (Male) |
| 27:13 | Crear | Villager (Male) |
| 27:13 | Crear | Villager (Male) |
| 27:23 | Crear | Villager (Male) |
| 27:24 | Crear | Villager (Male) |
| 27:31 | Construir | Farm |
| 27:53 | Construir | Siege Workshop |
| 28:15 | Construir | Mining Camp |
| 28:19 | Crear | Villager (Male) |
| 29:18 | Construir | University |
| 29:34 | Crear | Villager (Male) |
| 29:50 | Construir | Stable |
| 30:23 | Crear | Battering Ram |
| 30:28 | Investigar | Imperial Age |
| 30:34 | Construir | House |
| 30:35 | Construir | House |
| 30:36 | Construir | House |
| 30:40 | Investigar | Wheelbarrow |
| 30:51 | Investigar | Light Cavalry (upgrade) |
| 30:56 | Construir | Stable |
| 31:25 | Investigar | Cavalier (upgrade) |
| 31:30 | Crear | Knight |
| 32:24 | Crear | Knight ×2 |
| 32:24 | Crear | Knight ×2 |
| 32:52 | Crear | Scout Cavalry ×5 |
| 33:18 | Construir | Castle |
| 33:27 | Crear | Knight ×2 |
Cronología de la partida
| 8:07 | Dani120588 · first_building Barracks |
| 9:12 | Mansisha · first_building Barracks |
| 9:22 | Dani120588 · wall_segment Palisade Wall x12 |
| 9:27 | Dani120588 · wall_segment Palisade Wall x9 |
| 9:39 | Mansisha · age_up feudal |
| 9:58 | Dani120588 · wall_segment Palisade Wall x11 |
| 10:09 | Dani120588 · wall_segment Palisade Wall x1 |
| 10:28 | Dani120588 · age_up feudal |
| 11:27 | Mansisha · first_building Archery Range |
| 11:59 | Dani120588 · wall_segment Palisade Wall x14 |
| 13:45 | Dani120588 · wall_segment Palisade Wall x5 |
| 14:55 | Mansisha · wall_segment Stone Wall x6 |
| 14:58 | Mansisha · wall_segment Stone Wall x5 |
| 15:10 | Mansisha · wall_segment Stone Wall x1 |
| 15:10 | Mansisha · wall_segment Stone Wall x1 |
| 15:46 | Dani120588 · wall_segment Palisade Wall x9 |
| 16:59 | Mansisha · wall_segment Stone Wall x1 |
| 17:11 | Mansisha · wall_segment Stone Wall x8 |
| 18:19 | Dani120588 · first_building Stable |
| 18:40 | Mansisha · age_up castle |
| 19:53 | Dani120588 · wall_segment Palisade Wall x1 |
| 20:34 | Dani120588 · age_up castle |
| 21:52 | Dani120588 · first_market_sell 100 wood |
| 21:59 | Mansisha · first_building Castle |
| 23:33 | Mansisha · wall_segment Stone Wall x1 |
| 26:25 | Mansisha · first_building Monastery |
| 26:55 | Dani120588 · first_building Siege Workshop |
| 28:59 | Mansisha · wall_segment Stone Wall x16 |
| 29:58 | Dani120588 · first_market_buy 100 wood |
| 30:35 | Mansisha · first_building Siege Workshop |
| 33:18 | Dani120588 · first_building Castle |
| 33:38 | Dani120588 · age_up imperial |
| 38:32 | Mansisha · age_up imperial |
| 41:08 | Dani120588 · first_building Archery Range |
| 52:56 | Mansisha · resign |
[ ANÁLISIS IA · 1 CRÉDITO ]
¿Qué pasó realmente en esta partida?
Wolo.gg analiza cada decisión: build order, eco, micro, errores típicos por bracket. Análisis personalizado por WhatsApp o Discord en 30 segundos.
Guía civ
Aztecas
Guía mapa
Arabia
Perfil
Jugador #17834643